 Dungeon Crawl Stone Soup version 0.31.0-11-ge490571c62 (webtiles) character file.

Game seed: 13935691699552031628

137 qw the Shooter (level 5, -2/25 HPs)
             Began as a Spriggan Hunter on Feb 5, 2024.
             Incinerated by a bombardier beetle (4 damage)
             ... with a burning spray
             ... on level 3 of the Dungeon.
             The game lasted 00:01:56 (1379 turns).

qw the Shooter (Spriggan Hunter)                    Turns: 1379, Time: 00:01:56

Health: -2/25      AC:  2    Str:  7    XL:     5   Next: 0%
Magic:  6/6        EV: 20    Int: 10    God:
Gold:   112        SH:  0    Dex: 21    Spells: 4/4 levels left

rFire   . . .        a - +0 shortbow
rCold   . . .        (shield currently unavailable)
rNeg    . . .        c - +0 robe
rPois   .            (helmet restricted)
rElec   .            (no cloak)
rCorr   .            (gloves unavailable)
SInv    +            (boots unavailable)
Will    .....        (no amulet)
Stlth   +            (no ring)
HPRegen 0.24/turn    (no ring)
MPRegen 0.10/turn

%: no passive effects
@: on fire, glowing, very quick
A: very small, no large weapons, unfitting armour, see invisible, speed 3
a: no special abilities


You were on level 3 of the Dungeon.
You visited 1 branch of the dungeon, and saw 3 of its levels.

You collected 112 gold pieces.


Innate Abilities, Weirdness & Mutations

You are very small and have problems with some larger weapons.
You are too small for most types of armour.
You have supernaturally acute eyesight. (SInv)
You cover ground extremely quickly. (Speed+++)


   Skills:
 + Level 1.5 Fighting
 - Level 5.3 Ranged Weapons
 - Level 5.2 Dodging
 - Level 1.5 Stealth


You had 4 spell levels left.
You didn't know any spells.
Your spell library was empty.

Inventory:

Hand Weapons
 a - a +0 shortbow (weapon)
Armour
 c - a +0 robe (worn)
Jewellery
 j - a ring of fire
Scrolls
 d - 3 scrolls of torment {unknown}
 f - a scroll of fog {unknown}
 g - a scroll of noise {unknown}
 i - 3 scrolls of enchant armour
Potions
 b - a potion of might {unknown}
 e - a potion of brilliance {unknown}
 h - a potion of berserk rage {unknown}

Dungeon Overview and Level Annotations

Branches:
Dungeon (3/15)

Altars:


Message History

j - a ring of fire You now have 112 gold pieces (gained 10).
A bombardier beetle comes into view.
You shoot an arrow. The arrow hits the bombardier beetle.
The bombardier beetle is lightly wounded.
You shoot an arrow. The arrow hits the bombardier beetle.
The bombardier beetle is moderately wounded.
You shoot an arrow. The arrow hits the bombardier beetle!
The bombardier beetle is almost dead.
You shoot an arrow.
The arrow hits the bombardier beetle but does no damage.
The bombardier beetle is almost dead.
You shoot an arrow. The arrow hits the bombardier beetle.
The bombardier beetle is almost dead.
You shoot an arrow.
The arrow hits the bombardier beetle but does no damage.
The bombardier beetle is almost dead.
You shoot an arrow. The arrow hits the bombardier beetle.
The bombardier beetle is almost dead.
The bombardier beetle sprays incendiary fluid at you.
The burning spray hits you.
You are covered in liquid fire!
You shoot an arrow. The arrow hits the bombardier beetle!
You kill the bombardier beetle!
The liquid fire burns you!
Your Dodging skill increases to level 5!
You have reached level 5!
You feel agile.
You are on fire!
The liquid fire burns you!
You are on fire!
The liquid fire burns you!
You are on fire!
The liquid fire burns you!
You are on fire!
The liquid fire burns you!
You are on fire!
The liquid fire burns you!
You are on fire!
The liquid fire burns you!
You die...

#.#####.####....%## #
#.................# #
######..###..#.##.###
#..###..#.##....
#..#......##....
#..#.#..####.)##
###.........<....
##.....<.........##
#.@####.#######....
#.~...~.#......##....
#.~#~.~#~.#.###.######
.....~...~..#.# ##.
.).~...~..###.## #.
#~.~#~.~#~.##..[# #
~...~...~..##...#
...~...~...~.#...# ###
~#~.~#~.~#~#...###..


There were no monsters in sight!

Vanquished Creatures
  A bombardier beetle (D:3)
  Jessica (D:2)
  2 adders
  3 ribbon worms
  An orc (D:3)
  5 endoplasms
  2 giant cockroaches
  8 goblins
  A hobgoblin (D:1)
  2 quokkas (D:1)
  7 ball pythons
  8 bats
  3 frilled lizards (D:1)
  6 kobolds
  6 rats
56 creatures vanquished.

Notes
Turn   | Place    | Note
-------+----------+-------------------------------------------
     0 | D:1      | qw the Spriggan Hunter began the quest for the Orb.
     0 | D:1      | Reached XP level 1. HP: 10/10 MP: 2/2
     0 | D:1      | 0 ||| qw: Version: 0.3-a-160-g6735b56
     0 | D:1      | 0 ||| qw: Game counter: 6320
     0 | D:1      | 0 ||| qw: Melee chars always use a shield: true
     0 | D:1      | 0 ||| qw: God list: Okawaru
     0 | D:1      | 0 ||| qw: Allow faded altars: false
     0 | D:1      | 0 ||| qw: Do Orc after clearing Dungeon:15 true
     0 | D:1      | 0 ||| qw: Do second Lair branch before Depths: true
     0 | D:1      | 0 ||| qw: Lair rune preference: random
     0 | D:1      | 0 ||| qw: Goals: Normal
     0 | D:1      | 0 ||| PLANNING D:1-11
    37 | D:1      | Reached skill level 3 in Dodging
   127 | D:1      | Reached XP level 2. HP: 14/14 MP: 3/3
   403 | D:1      | Reached XP level 3. HP: 18/18 MP: 4/4
   486 | D:1      | 486 ||| READING scroll labelled LEABRA BISOF.
   487 | D:1      | 487 ||| READING scroll labelled DUBBEUKOQA.
   487 | D:1      | 487 ||| IDENTIFYING 3 sedimented silvery potions
   488 | D:1      | 488 ||| READING scroll labelled FOUWOR NOEVIRHY.
   489 | D:1      | 489 ||| READING scroll labelled UZEACY QEACU.
   490 | D:1      | 490 ||| READING scroll labelled XIELIBO RABBA.
   491 | D:1      | 491 ||| DROPPING scroll of butterflies.
   506 | D:2      | 506 ||| STAIRDANCE
   582 | D:2      | HP: 4/18 [ribbon worm (7)]
   583 | D:2      | 583 ||| DRINKING 3 potions of heal wounds.
   816 | D:2      | Noticed Jessica
   824 | D:2      | Killed Jessica
   825 | D:2      | Reached XP level 4. HP: 14/22 MP: 5/5
   975 | D:2      | 975 ||| READING scroll labelled IGUULY SEOME.
   975 | D:2      | 975 ||| ENCHANTING +0 shortbow.
  1109 | D:3      | 1109 ||| Stepping randomly (stuck).
  1120 | D:3      | 1120 ||| Stepping randomly (stuck).
  1128 | D:3      | HP: 2/22 [ribbon worm (4)]
  1129 | D:3      | 1129 ||| DRINKING 2 potions of heal wounds.
  1132 | D:3      | 1132 ||| Stepping randomly (stuck).
  1136 | D:3      | HP: 5/22 [ribbon worm (6)]
  1137 | D:3      | 1137 ||| DRINKING potion of heal wounds.
  1147 | D:3      | 1147 ||| Stepping randomly (stuck).
  1374 | D:3      | Reached XP level 5. HP: 19/25 MP: 6/6
  1378 | D:3      | HP: 2/25 [burnt (6)]
  1379 | D:3      | Incinerated by a bombardier beetle

Levels and vault maps discovered:
D:1:      minmay_arrival_three_doors, layout_basic
D:2:      layout_rooms, chequers_serial_rivers_small_b, uniq_jessica
D:3:      layout_loops_cross, kennysheep_doodads, uniq_robin

Skill      XL: |  1  2  3  4 |
---------------+-------------+-----
Dodging        | 3 4 5 |  5.2
Ranged Weapons | 5 |  5.3
Fighting       | |  1.5
Stealth        | |  1.5

Action                     |  1- 3 |  4- 6 || total
---------------------------+-------+-------++-------
   Fire: Shortbow          |   109 |    44 ||   153
    Use: Scroll            |     5 |     1 ||     6
         Potion            |     1 |     2 ||     3
 Armour: Robe              |     6 |    17 ||    23
  Dodge: Dodged            |     9 |    32 ||    41

Table legend:
 A = Non-vault XP
 B = Vault XP
 C = Vault XP percentage of total XP
 D = Non-vault monster count
 E = Vault monster count
 F = Vault count percentage of total count
                 A         B        C        D         E       F
            +---------+---------+-------+---------+---------+-------
      Total |     160 |      37 |  18.8 |      55 |       1 |   1.8
            +---------+---------+-------+---------+---------+-------
        D:1 |      45 |       0 |   0.0 |      31 |       0 |   0.0
        D:2 |      35 |      37 |  51.4 |      14 |       1 |   6.7
        D:3 |      80 |       0 |   0.0 |      10 |       0 |   0.0
            +---------+---------+-------+---------+---------+-------
